 Dungeon Crawl Stone Soup version 0.25-a0-94-g9e23508adf (webtiles) character file.

Game seed: 13317345270791387995, levelgen mode: deterministic

33 MordorOrchid the Charmwright (level 3, 0/27 HPs)
             Began as a Demonspawn Skald on Nov 11, 2019.
             Slain by a white imp (4 damage)
             ... summoned by Natasha
             ... on level 2 of the Dungeon.
             The game lasted 00:04:37 (1584 turns).

MordorOrchid the Charmwright (Demonspawn Skald)     Turns: 1584, Time: 00:04:38

Health: 0/27       AC:  5    Str: 11    XL:     3   Next: 12%
Magic:  6/6        EV: 17    Int: 15    God:
Gold:   82         SH:  0    Dex: 17    Spells: 1/6 levels left

rFire    . . .     SeeInvis .   d - +0 dagger
rCold    . . .     Gourm    .   (no shield)
rNeg     . . .     Faith    .   a - +0 leather armour
rPois    .         Spirit   .   (no helmet)
rElec    .         Reflect  .   (no cloak)
rCorr    .         Harm     .   (no gloves)
MR       .....                  (no boots)
Stlth    ++........             (no amulet)
HPRegen  0.09/turn              (no ring)
MPRegen  0.10/turn              (no ring)

@: agile, slowed, very slow
A: molten scales 1
a: no special abilities


You were on level 2 of the Dungeon.
You were not hungry.

You visited 1 branch of the dungeon, and saw 2 of its levels.

You collected 82 gold pieces.

Inventory:

Hand Weapons
 d - a +0 dagger (weapon)
 j - a +0 hunting sling
Missiles
 e - 10 poisoned darts (quivered)
 f - 65 bolts
 g - 23 stones
 h - 59 arrows
Armour
 a - a +0 leather armour (worn)
Scrolls
 n - a scroll of blinking {unknown}
 o - a scroll of teleportation {unknown}
Potions
 i - a potion of mutation
Comestibles
 c - 2 rations
 l - 5 chunks of flesh


   Skills:
 - Level 2.0 Fighting
 * Level 2.0 Armour
 - Level 1.7 Dodging
 * Level 2.5 Unarmed Combat
 - Level 2.0 Spellcasting
 - Level 2.6 Charms
 * Level 0.4 Necromancy


You had one spell level left.
You knew the following spells:

 Your Spells              Type           Power        Failure   Level  Hunger
a - Infusion              Chrm           #...         10%         1    #......
b - Song of Slaying       Chrm           #.......     14%         2    ###....
u - Animate Skeleton      Necr           N/A          24%         1    #......
A - Confusing Touch       Hex            #.....       28%         1    #......

Your spell library contained the following spells:

 Spells                   Type           Power        Failure   Level  Hunger
 Apportation              Tloc           #.....       28%         1    #......
 Summon Small Mammal      Summ           #...         28%         1    #......
 Shroud of Golubria       Chrm/Tloc      #.....       26%         2    ###....
 Regeneration             Chrm/Necr      #.........   43%         3    ###....
 Spectral Weapon          Hex/Chrm       #.......     45%         3    ###....


Dungeon Overview and Level Annotations

Branches:
Dungeon (2/15)

Altars:

Annotations:
D:2 Natasha


Innate Abilities, Weirdness & Mutations

You are partially covered in molten scales. (AC +2)


Message History

You are too injured to fight recklessly!
You barely miss Natasha.
Natasha extends her claws.
Natasha barely misses you.
You hit Natasha but do no damage.
Natasha mumbles some strange words.
You feel troubled. Natasha casts a spell at you. The magic dart hits you!
* * * LOW HITPOINT WARNING * * *
You closely miss Natasha. Natasha casts a spell at you.
You resist with significant effort.
You hit Natasha but do no damage. Natasha barely misses you.
You hit Natasha but do no damage.
Natasha mumbles some strange words.
You barely miss Natasha. Natasha casts a spell at you.
You feel yourself slow down. The white imp hits you.
You die...

... ## #.# ..# #.#
#.# #.# #.# #.# #.#
#.# #.# #.# #.###h###
#..!@5..# ##.###.#.#
# #...##.#.#
#.#####.#.##.. .
#.......#.##.#.##
#########....#.....#.
..........#######.#
#. #########....# ..
## ### ####.#


You could see Natasha and a white imp.

Vanquished Creatures
  An adder (D:2)
  A dart slug (D:1)
  2 giant cockroaches (D:1)
  3 goblins
  4 hobgoblins (D:1)
  2 jackals (D:2)
  A bat (D:1)
  2 frilled lizards (D:2)
  5 kobolds (D:1)
  A rat (D:1)
22 creatures vanquished.

Notes
Turn   | Place    | Note
-------+----------+-------------------------------------------
     0 | D:1      | MordorOrchid the Demonspawn Skald began the quest for the
                  | Orb.
     0 | D:1      | Reached XP level 1. HP: 16/16 MP: 3/3
    86 | D:1      | Reached skill level 1 in Armour
   676 | D:1      | Gained mutation: You are partially covered in molten
                  | scales. (AC +2) [demonic ancestry]
   676 | D:1      | Reached XP level 2. HP: 6/22 MP: 5/5
  1450 | D:1      | Learned a level 2 spell: Song of Slaying
  1452 | D:1      | Learned a level 1 spell: Animate Skeleton
  1454 | D:1      | Learned a level 1 spell: Confusing Touch
  1508 | D:2      | Reached XP level 3. HP: 9/27 MP: 6/6
  1571 | D:2      | Noticed Natasha
  1584 | D:2      | Slain by a white imp

Levels and vault maps discovered:
D:1:      wheals_arrival_shading, layout_loops_corners
D:2:      layout_loops_ring, first_ration, chequers_jeans, uniq_robin,
          uniq_natasha

Skill      XL: |  1  2 |
---------------+-------+-----
Armour         | 1 2 |  2.0
Unarmed Combat | 2 |  2.5
Fighting       | |  2.0
Dodging        | |  1.7
Spellcasting   | |  2.0
Charms         | |  2.6
Necromancy     | |  0.4

Action                   || total
-------------------------++-------
Melee: Dagger            ||   122
       Unarmed           ||     8
Throw: Dart              ||    11
  Use: Scroll            ||     2
       Potion            ||     2
  Eat: Chunk             ||     2
Armor: Leather armour    ||    35
Dodge: Dodged            ||    74

Table legend:
 A = Non-vault XP
 B = Vault XP
 C = Vault XP percentage of total XP
 D = Non-vault monster count
 E = Vault monster count
 F = Vault count percentage of total count
                 A         B        C        D         E       F
            +---------+---------+-------+---------+---------+-------
      Total |      48 |       0 |   0.0 |      22 |       0 |   0.0
            +---------+---------+-------+---------+---------+-------
        D:1 |      27 |       0 |   0.0 |      16 |       0 |   0.0
        D:2 |      21 |       0 |   0.0 |       6 |       0 |   0.0
            +---------+---------+-------+---------+---------+-------
